 Dungeon Crawl Stone Soup version 0.30-a0-930-gb9d0489357 (webtiles) character file.

Game seed: 13203051651488283510

60 mopl the Magician (level 4, -5/27 HPs)
             Began as an Octopode Hedge Wizard on Mar 23, 2023.
             Slain by an orc
             ... wielding a +0 trident
              (9 damage)
             ... on level 3 of the Dungeon.
             The game lasted 00:02:15 (1298 turns).

mopl the Magician (Octopode Hedge Wizard)           Turns: 1298, Time: 00:02:15

Health: -5/27      AC:  1    Str:  9    XL:     4   Next: 4%
Magic:  9/9        EV: 13    Int: 18    God:
Gold:   136        SH:  0    Dex:  9    Spells: 3/9 levels left

rFire   + . .      SeeInvis .    j - +8 mace "Ecimiuts" {freeze, rF+ rN+++ Will+ Dex-2}
rCold   . . .      Faith    .    (no shield)
rNeg    + + +      Spirit   .    b - +0 hat
rPois   .          Reflect  .    (no amulet)
rElec   .          Rampage  .    (no ring)
rCorr   .                        (no ring)
Will    +....                    (no ring)
Stlth   +++                      (no ring)
HPRegen 0.24/turn                (no ring)
MPRegen 0.11/turn                (no ring)
                                 (no ring)
                                 (no ring)

@: no status effects
A: almost no armour, amphibious, 8 rings, camouflage 1, gelatinous body 1,
(nimble swimmer 1), tentacles
a: no special abilities


You were on level 3 of the Dungeon.
You visited 1 branch of the dungeon, and saw 3 of its levels.

You collected 136 gold pieces.

Inventory:

Hand Weapons
 a - a +0 dagger of venom
 j - the +8 mace "Ecimiuts" (weapon) {freeze, rF+ rN+++ Will+ Dex-2}
   (You found it on level 2 of the Dungeon)

   Dex:       It affects your dexterity (-2).
   rF:        It protects you from fire.
   rN:        It renders you almost immune to negative energy.
   Will:      It increases your willpower.
Missiles
 f - 6 poisoned darts
Armour
 b - a +0 hat (worn)
Scrolls
 d - a scroll of poison {unknown}
 i - 3 scrolls of noise {unknown}
Potions
 c - 2 potions of magic
 e - a potion of ambrosia {unknown}
 g - 2 potions of lignification {unknown}
 h - a potion of might {unknown}
 k - a potion of attraction {unknown}
 l - 2 potions of curing {unknown}
 m - 2 potions of cancellation {unknown}


   Skills:
 - Level 2.0 Dodging
 - Level 2.6 Stealth
 + Level 3.4 Spellcasting
 + Level 2.0 Conjurations
 - Level 1.0 Summonings
 + Level 2.1 Translocations
 + Level 0.7 Air Magic
 + Level 1.0 Poison Magic


You had 3 spell levels left.
You knew the following spells:

 Your Spells              Type           Power      Damage    Failure   Level
a - Magic Dart            Conj           40%        1d5       7%          1
c - Mephitic Cloud        Conj/Pois/Air  7%         N/A       28%         3
e - Blink                 Tloc           20%        N/A       10%         2

Your spell library contained the following spells:

 Spells                   Type           Power      Damage    Failure   Level
 Slow                     Hex            12%        N/A       16%         1
 Call Imp                 Summ           6%         N/A       16%         2
 Cigotuvi's Dreadful Rot  Necr/Pois/Air  10%        N/A       19%         2
 Confusing Touch          Hex            3%         N/A       43%         3
 Vampiric Draining        Necr           3%         2d6       43%         3


Dungeon Overview and Level Annotations

Branches:
Dungeon (3/15)

Altars:


Innate Abilities, Weirdness & Mutations

You cannot wear most types of armour.
You are amphibious.
You can wear up to eight rings at the same time.
Your skin changes colour to match your surroundings (Stealth+).
Your rubbery body absorbs attacks. (AC +1, EV +1)
((You are camouflaged when in or above water. (Stealth+)))
You have tentacles for arms and can constrict up to eight enemies at once.


Message History

You miss the frilled lizard. Your grab misses the frilled lizard.
The frilled lizard bites you but does no damage.
The frilled lizard barely misses you.
You closely miss the frilled lizard. Your grab misses the frilled lizard.
The frilled lizard bites you.
You miss the frilled lizard. Your grab misses the frilled lizard.
Your squeeze misses the frilled lizard. The frilled lizard barely misses you.
The frilled lizard bites you but does no damage.
You barely miss the frilled lizard. You grab the frilled lizard.
Your squeeze misses the frilled lizard. You constrict the frilled lizard.
You kill the frilled lizard!
The ball python barely misses you. x2
You thump the ball python!
The ball python seems to slow down.
You freeze the ball python.
You kill the ball python!
The jackal closely misses you.
You sock the jackal! You freeze the jackal.
You kill the jackal!
The jackal misses you.
Your Poison Magic skill increases to level 1!
You sock the jackal! You freeze the jackal.
You kill the jackal!
You have reached level 4!
You hit the frilled lizard. You freeze the frilled lizard.
You kill the frilled lizard!
The goblin hits you with a +0 club.
You thump the goblin! You freeze the goblin.
You kill the goblin!
The jackal barely misses you.
You closely miss the jackal. Your grab misses the jackal. The jackal bites you.
The orc hits you from afar with a +0 trident.
* * * LOW HITPOINT WARNING * * *
The jackal bites you.
* * * LOW HITPOINT WARNING * * *
You hit the jackal. You freeze the jackal. You grab the jackal.
The jackal is almost dead.
You constrict the jackal, but do no damage.
The jackal closely misses you.
The orc hits you from afar with a +0 trident!
You die...

#........##
#........>
#........#
#........#
#........# #.#..
#........# #.#..
#........#
#..#.#######@#
#........##h#
#........wo##
#........#..##
#........#...#
#....S.....#.l..#
##.....#..#####...
##.....#...S.# .#
#......o.###.# #


You could see a dart slug, an orc and a jackal.

Vanquished Creatures
  2 worms (D:2)
  A dart slug (D:1)
  2 endoplasms
  2 giant cockroaches
  5 goblins
  6 hobgoblins
  3 jackals (D:3)
  A quokka (D:2)
  11 ball pythons
  4 bats
  5 frilled lizards
  5 kobolds
  2 rats
49 creatures vanquished.

Notes
Turn   | Place    | Note
-------+----------+-------------------------------------------
     0 | D:1      | mopl the Octopode Hedge Wizard began the quest for the Orb.
     0 | D:1      | Reached XP level 1. HP: 11/11 MP: 4/4
   221 | D:1      | Reached XP level 2. HP: 17/17 MP: 6/6
   320 | D:1      | Learned a level 2 spell: Blink
   497 | D:1      | Reached XP level 3. HP: 21/21 MP: 7/7
   501 | D:1      | Learned a level 3 spell: Mephitic Cloud
   911 | D:2      | Reached skill level 2 in Translocations
   939 | D:2      | Identified the +8 mace "Ecimiuts" {freeze, rF+ rN+++ Will+
                  | Dex-2}
  1169 | D:2      | Reached skill level 2 in Conjurations
  1211 | D:2      | Found the +1 Delatra's gloves {ID++}
  1294 | D:3      | Reached skill level 1 in Poison Magic
  1295 | D:3      | Reached XP level 4. HP: 17/27 MP: 9/9
  1298 | D:3      | Slain by an orc

Illustrated notes

Levels and vault maps discovered:
D:1:      wander_arrival_estate, layout_basic
D:2:      layout_basic, minmay_pentomino_x2
D:3:      layout_rooms, hellmonk_ecumenical_altar_arch_garden,
          kennysheep_big_empty_room, kennysheep_nub

Skill      XL: |  1  2  3 |
---------------+----------+-----
Translocations | 2 |  2.1
Conjurations   | 2 |  2.0
Poison Magic   | 1 |  1.0
Dodging        | |  2.0
Stealth        | |  2.6
Spellcasting   | |  3.4
Summonings     | |  1.0
Air Magic      | |  0.7

Action                     |  1- 3 |  4- 6 || total
---------------------------+-------+-------++-------
  Melee: Dagger            |    49 |       ||    49
         Constrict         |    16 |     1 ||    17
         Tentacles         |     8 |       ||     8
         Mace              |    23 |     4 ||    27
   Cast: Magic Dart        |     8 |       ||     8
   Stab: Sleeping          |    12 |       ||    12
 Armour: Skin              |    10 |       ||    10
  Dodge: Dodged            |    47 |     2 ||    49

Table legend: (Time is in decaauts)
 A = Elapsed time spent in this place.
 B = Non-inter-level travel time spent in this place.
 C = Inter-level travel time spent in this place.
 D = Time resting spent in this place.
 E = Time spent auto-exploring this place.
 F = Levels seen in this place.
 G = Mean time per level.
                   A        B        C        D        E       F      G
               +--------+--------+--------+--------+--------+-----+--------+
         Total |   1306 |   1246 |     60 |     33 |    889 |   3 |  435.3 |
       Dungeon |   1306 |   1246 |     60 |     33 |    889 |   3 |  435.3 |
               +--------+--------+--------+--------+--------+-----+--------+

Top non-repeatable levels by time:
     D:1: 715 daAuts
     D:2: 560 daAuts
     D:3: 30 daAuts
